 Dungeon Crawl Stone Soup version 0.17-a0-1987-gaf5a542 (webtiles) character file.

26 bladedpenguin the Sneak (level 2, 0/13 HPs)
             Began as a Spriggan Enchanter on Oct 7, 2015.
             Slain by a giant newt (2 damage)
             ... on level 2 of the Dungeon.
             The game lasted 00:01:44 (615 turns).

bladedpenguin the Sneak (Spriggan Enchanter)         Turns: 615, Time: 00:01:44

Health: 0/13       AC:  3    Str:  4    XL:     2   Next: 89%
Magic:  4/7        EV: 18    Int: 16    God:
Gold:   123        SH:  5    Dex: 16    Spells: 1 memorised, 6 levels left

rFire  . . .     SeeInvis +     a - +1 dagger
rCold  . . .     Clarity  .     b - +1 robe
rNeg   . . .     SustAt   .     j - +0 buckler
rPois  .         Gourm    .     (helmet restricted)
rElec  .         Spirit   .     (no cloak)
rCorr  .         Warding  .     (gloves unavailable)
rMut   .         Stasis   .     (boots unavailable)
MR     .....                    (no amulet)
Stlth  +++.......               (no ring)
                                (no ring)

@: very quick, not resistant to hostile enchantments, fairly stealthy
A: unfitting armour, see invisible, herbivore 3, speed 3, slow metabolism 2
a: no special abilities


You were on level 2 of the Dungeon.
You were not hungry.

You visited 1 branch of the dungeon, and saw 2 of its levels.

You collected 123 gold pieces.

Inventory:

Hand Weapons
 a - a +1 dagger (weapon)
Armour
 b - a +1 robe (worn)
 j - a +0 buckler (worn)
Scrolls
 e - 3 scrolls of identify {unknown}
 f - 3 scrolls of recharging {unknown}
 h - a scroll of teleportation {unknown}
 i - a scroll of fear {unknown}
Potions
 g - a potion of degeneration {unknown}
Books
 c - a book of Maledictions

   Spells                             Type                      Level
   a - Corona                         Hexes                        1
   b - Ensorcelled Hibernation        Hexes/Ice                    2
   c - Confuse                        Hexes                        3
   d - Tukima's Dance                 Hexes                        3
   e - Dazzling Spray                 Conjuration/Hexes            3
Comestibles
 d - a bread ration
 k - a fruit


   Skills:
 + Level 1.3 Short Blades
 + Level 3.6 Dodging
 + Level 4.9 Stealth
 + Level 3.1 Spellcasting
 + Level 3.9 Hexes


You had 6 spell levels left.
You knew the following spells:

 Your Spells              Type           Power        Failure   Level  Hunger
a - Corona                Hex            ###....      8%          1    None


Dungeon Overview and Level Annotations

Branches:
Dungeon (2/15)

Altars:
Gozag
Kikubaaqudgha
Makhleb


Innate Abilities, Weirdness & Mutations

You are tiny and cannot use many weapons and most armour.
You have supernaturally acute eyesight.
You are a herbivore.
You cover ground extremely quickly.
You need consume almost no food.


Message History

Press: ? - help, Shift-Dir - straight line, f/p - worm
Aim: a worm (moderately wounded, chance to defeat MR: 61%)
The worm is outlined in light.
A giant newt comes into view.
Found a robe.
Casting: Corona
Confirm with . or Enter, or press ? or * to list all spells.
Aiming: Corona
Press: ? - help, Shift-Dir - straight line, f/p - worm
Aim: a worm (softly glowing, chance to defeat MR: 61%)
The worm glows brighter.
Casting: Corona
Confirm with . or Enter, or press ? or * to list all spells.
Aiming: Corona
Press: ? - help, Shift-Dir - straight line, f - giant newt, p - worm
Aim: a giant newt (chance to defeat MR: 84%)
The giant newt is outlined in light.
The giant newt closely misses you.
You hit the giant newt but do no damage.
The giant newt bites you.
You die...

#### #...###.# #...
#.......#
####...######....####
.......+.......>.####
......###.###<#....#
#...###.# ######+#
#.......# .
#....##.####...[
#..#.#..@l......
#..#.#..#####...
#......<#
#######.##....#
#.............# #
#.....#..w#.[.# #
#.....'.......# #
#.....#.....#.#
######..+.....#.%.


You could see a worm and a giant newt.

Vanquished Creatures
  An adder (D:2)
  A bat (D:1)
  2 giant cockroaches (D:2)
  6 goblins (D:1)
  A hobgoblin (D:1)
  A kobold (D:1)
  2 giant newts (D:2)
  2 rats (D:1)
16 creatures vanquished.

Notes
Turn   | Place    | Note
--------------------------------------------------------------
     0 | D:1      | bladedpenguin the Spriggan Enchanter began the quest for the Orb.
     0 | D:1      | Reached XP level 1. HP: 9/9 MP: 5/5
   244 | D:1      | Reached XP level 2. HP: 13/13 MP: 7/7
   521 | D:2      | Found an ancient bone altar of Kikubaaqudgha.
   522 | D:2      | Found a burning altar of Makhleb.
   522 | D:2      | Found an opulent altar of Gozag.
   615 | D:2      | Slain by a giant newt

Vault maps used:
D:1:      dpeg_arrival_pits, nrook_loot_triangle, minivault_5
D:2:      grunt_temple_overflow_open, first_bread, minmay_shallow_snake_nest,
          uniq_natasha

Action                   || total
-------------------------++-------
Melee: Dagger            ||    52
 Cast: Corona            ||     4
 Stab: Sleeping          ||     7
